 Dungeon Crawl Stone Soup version 0.29.1-12-g30fa7ad0bf (webtiles) character file.

Game seed: 1362944768105193942

46 hawla the Chiller (level 4, 0/34 HPs)
             Began as a Meteoran Ice Elementalist on Dec 14, 2022.
             Slain by an adder (3 damage)
             ... on level 4 of the Dungeon.
             The game lasted 00:04:14 (755 turns).

hawla the Chiller (Meteoran Ice Elementalist)        Turns: 755, Time: 00:04:14

Health: 0/34       AC:  2    Str:  9    XL:     4   Next: 13%
Magic:  8/10       EV: 12    Int: 19    God:
Gold:   37         SH:  0    Dex: 14    Spells: 2/10 levels left

rFire   . . .      SeeInvis .   e - +3 halberd (venom)
rCold   . . .      Faith    .   (shield currently unavailable)
rNeg    . . .      Spirit   .   a - +0 robe
rPois   .          Reflect  .   (no helmet)
rElec   .          Harm     .   (no cloak)
rCorr   .          Rampage  .   (no gloves)
Will    .....                   (no boots)
Stlth   +.........              (no amulet)
HPRegen 0.11/turn               (no ring)
MPRegen 0.12/turn               (no ring)

@: brilliant, about to teleport, glowing
A: sense surroundings 1, otherworldly, glowing, explore regen
a: no special abilities


You were on level 4 of the Dungeon.
You visited 1 branch of the dungeon, and saw 4 of its levels.

You collected 48 gold pieces.
You spent 11 gold pieces at shops.

Inventory:

Hand Weapons
 e - a +3 halberd of venom (weapon)
Armour
 a - a +0 robe (worn)
Magical Staves
 f - a staff of conjuration
Jewellery
 g - a ring of positive energy
Scrolls
 c - a scroll of amnesia
 d - 3 scrolls of teleportation
 h - a scroll of immolation {unknown}
Potions
 b - a potion of magic


   Skills:
 - Level 0.3 Fighting
 - Level 0.2 Polearms
 - Level 2.5 Dodging
 - Level 1.4 Stealth
 - Level 3.6 Spellcasting
 + Level 0.7 Conjurations
 - Level 5.0 Ice Magic


You had 2 spell levels left.
You knew the following spells:

 Your Spells              Type           Power      Damage    Failure   Level
a - Freeze                Ice            100%       1d11      1%          1
b - Frozen Ramparts       Ice            68%        1d11      5%          3
c - Hailstorm             Conj/Ice       21%        3d6       41%         4

Your spell library contained the following spells:

 Spells                   Type           Power      Damage    Failure   Level
 Ozocubu's Armour         Ice            34%        N/A       5%          3
 Conjure Flame            Conj/Fire      7%         6-21      36%         3
 Ignite Poison            Fire/Tmut/Pois 5%         N/A       41%         3
 Sticky Flame             Conj/Fire      7%         2d3       77%         4


Dungeon Overview and Level Annotations

Branches:
Dungeon (4/15) Zot: 1631
 Temple: D:4-7

Altars:

Shops:
D:1 !


Innate Abilities, Weirdness & Mutations

You passively map a small area around you.
You are easily found by Zot.
You glow in the dark.
You regain HP and MP as you explore.


Message History

Casting: Frozen Ramparts (dangerous; 5% risk of failure)
Press: ? - help, Dir - look around, f - activate The walls around you are covered in ice.
The wall freezes the phantom but does no damage.
The wall freezes the adder.
The adder seems to slow down.
The adder closely misses you.
Reach: e) +3 halberd (venom)
Press: ? - help, Dir - move target, f - phantom
Aim: a phantom (about 59% to evade your +3 halberd of venom)
You reach to attack!
You barely miss the phantom.
The wall freezes the phantom but does no damage.
The wall freezes the adder.
The adder closely misses you.
The phantom completely resists.
The wall freezes the phantom but does no damage.
The phantom hits you.
The phantom blinks!
You blink.
The frozen ramparts melt away as you move.
You barely miss the phantom. The phantom hits you.
The phantom blinks!
You blink.
The phantom hits you but does no damage.
You hit the phantom.
The phantom is lightly damaged.
The phantom hits you. The phantom hits you!
The phantom blinks!
You blink.
You barely miss the phantom.
The phantom is lightly damaged.
The phantom barely misses you.
You hit the phantom.
The phantom is moderately damaged.
The phantom hits you.
The phantom hits you but does no damage.
You barely miss the phantom.
The phantom is moderately damaged.
The phantom hits you!
* * * LOW HITPOINT WARNING * * *
It was a potion of brilliance.
You feel clever all of a sudden. The phantom hits you.
* * * LOW HITPOINT WARNING * * *
As you read the scroll of teleportation, it crumbles to dust.
You feel strangely unstable. The adder bites you.
You die...

?.....§S...§....#
.##..#..##......# *#.
##..##.....# * ,*
#..###....# ##.#
#....# , * 8 *##
#....# , , 8 ,_
8##....# .. , ~
#..SW.# , ..# ,
##..@..# ##..#* ,~
##......# * .....##
##......##*
......##+##..####.#* ,
............## #...,,,
, *
...........###........
*
.................#.###
, ...........##...# .#
..............### ,


You could see a phantom and an adder.

Vanquished Creatures
  A dart slug (D:1)
  2 ball pythons
  6 bats (D:1)
  5 endoplasms
  2 giant cockroaches
  4 hobgoblins
  7 jackals (D:1)
  3 kobolds
  2 quokkas
  3 frilled lizards (D:1)
  A goblin (D:1)
36 creatures vanquished.

Notes
Turn   | Place    | Note
-------+----------+-------------------------------------------
     0 | D:1      | hawla the Meteoran Ice Elementalist began the quest for the
                  | Orb.
     0 | D:1      | Reached XP level 1. HP: 14/14 MP: 5/5
    18 | D:1      | Found Ytzuu's Distillery.
    61 | D:1      | Reached XP level 2. HP: 16/20 MP: 3/6
   237 | D:1      | Reached XP level 3. HP: 24/26 MP: 5/8
   243 | D:1      | Reached skill level 5 in Ice Magic
   273 | D:1      | Learned a level 3 spell: Frozen Ramparts
   493 | D:1      | Glimpsed the power of Zot.
   513 | D:1      | Bought a potion of degeneration for 11 gold pieces
   543 | D:1      | Glimpsed the power of Zot.
   587 | D:2      | Reached XP level 4. HP: 34/34 MP: 10/10
   592 | D:2      | Learned a level 4 spell: Hailstorm
   743 | D:4      | Noticed a phantom
   755 | D:4      | Slain by an adder

Illustrated notes

Levels and vault maps discovered:
D:1:      dpeg_arrival_ternary, layout_loops_ring, serial_shops, shop
D:2:      layout_rooms, basic_altar, grunt_decor_arrowhead, uniq_jessica
D:3:      layout_loops_cross, mainiacjoe_overflow_alcove_2,
          hellmonk_ecumenical_altar_pennies_from_heaven, corner_web_ring
D:4:      layout_rooms, gammafunk_temple_overflow_claw,
          minmay_temple_entry_trees, serial_shops, shop, minmay_misc_feat_room

Skill      XL: |  1  2  3 |
---------------+----------+-----
Spellcasting   | 3 |  3.6
Ice Magic      | 5 |  5.0
Fighting       | |  0.3
Polearms       | |  0.2
Dodging        | |  2.5
Stealth        | |  1.4
Conjurations   | |  0.7

Action                   |  1- 3 |  4- 6 || total
-------------------------+-------+-------++-------
Melee: Unarmed           |     9 |       ||     9
       Halberd           |    17 |    10 ||    27
 Cast: Freeze            |    26 |       ||    26
       Frozen Ramparts   |     3 |     3 ||     6
  Use: Scroll            |       |     3 ||     3
       Potion            |       |     1 ||     1
Armor: Robe              |    15 |     2 ||    17
Dodge: Dodged            |    21 |     4 ||    25
